 Dungeon Crawl Stone Soup version 0.31-a0-358-gac0dbeb3ab (webtiles) character file.

Game seed: 1896642517309460041

264 cforsyth the Charlatan (level 6, -1/47 HPs)
             Began as a Gnoll Artificer on July 25, 2023.
             Slain by Maggie
             ... wielding a +0 halberd
              (9 damage)
             ... on level 6 of the Dungeon.
             The game lasted 00:05:22 (2430 turns).

cforsyth the Charlatan (Gnoll Artificer)            Turns: 2430, Time: 00:05:24

Health: -1/47      AC:  6    Str: 12    XL:     6   Next: 19%
Magic:  8/8        EV: 12    Int: 12    God:
Gold:   124        SH:  0    Dex: 12    Spells: 8/8 levels left

rFire   + . .        s - +0 rapier
rCold   . . .        (no shield)
rNeg    . . .        r - +0 robe {rF+}
rPois   .            p - +0 helmet
rElec   .            (no cloak)
rCorr   .            (no gloves)
SInv    .            k - +2 pair of boots
Will    .....        (no amulet)
Stlth   ++           (no ring)
HPRegen 0.27/turn    (no ring)
MPRegen 0.11/turn

%: no passive effects
@: no status effects
A: fangs 1, strong nose, distributed training
a: no special abilities


You were on level 6 of the Dungeon.
You visited 1 branch of the dungeon, and saw 4 of its levels.

You collected 124 gold pieces.

Inventory:

Hand Weapons
 a - a +0 club
 s - a +0 rapier (weapon)
Missiles
 t - a curare-tipped dart
 u - 2 poisoned darts
Armour
 b - a +0 leather armour
 k - a +2 pair of boots (worn)
 p - a +0 helmet (worn)
 r - a +0 robe of fire resistance (worn)
Wands
 c - a wand of flame (1) (quivered)
 d - a wand of charming (14)
Scrolls
 f - a scroll of blinking {unknown}
 h - 2 scrolls of teleportation {unknown}
 i - 2 scrolls of enchant armour {unknown}
 n - a scroll of noise {unknown}
Potions
 g - 2 potions of haste {unknown}
 j - a potion of degeneration {unknown}
 l - 3 potions of mutation {unknown}
 m - a potion of magic {unknown}
 o - a potion of enlightenment {unknown}
 q - a potion of berserk rage {unknown}


   Skills:
 + Level 3.2 Fighting
 + Level 1.9 Short Blades
 + Level 1.9 Long Blades
 + Level 1.9 Axes
 + Level 1.9 Maces & Flails
 + Level 1.9 Polearms
 + Level 1.9 Staves
 + Level 1.9 Ranged Weapons
 + Level 1.9 Throwing
 + Level 4.9 Armour
 + Level 3.2 Dodging
 + Level 3.0 Stealth
 + Level 1.9 Shields
 + Level 1.9 Unarmed Combat
 + Level 1.9 Spellcasting
 + Level 1.5 Conjurations
 + Level 1.5 Hexes
 + Level 1.5 Summonings
 + Level 1.5 Necromancy
 + Level 1.5 Translocations
 + Level 1.5 Transmutations
 + Level 1.5 Fire Magic
 + Level 1.5 Ice Magic
 + Level 1.5 Air Magic
 + Level 1.5 Earth Magic
 + Level 1.5 Poison Magic
 + Level 2.1 Invocations
 + Level 6.8 Evocations
 + Level 1.5 Shapeshifting


You had 8 spell levels left.
You didn't know any spells.
Your spell library contained the following spells:

 Spells                   Type           Power      Damage    Failure   Level
 Slow                     Hex            16%        N/A       16%         1
 Static Discharge         Conj/Air       8%         2-3/arc   22%         2
 Confusing Touch          Hex            4%         N/A       41%         3
 Vampiric Draining        Necr           4%         2d6       41%         3
 Airstrike                Air            2%         2d(1-17)  83%         4
 Summon Lightning Spire   Summ/Air       4%         N/A       83%         4


Dungeon Overview and Level Annotations

Branches:
Dungeon (3/15)

Altars:

Annotations:
D:6 Maggie


Innate Abilities, Weirdness & Mutations

You have very sharp teeth.
Your uncanny sense of smell can sniff out nearby items.
Your experience applies equally to all skills.


Message History

You hit the hound.
You kill the hound!
The black bear bites you but does no damage.
The black bear barely misses you. The black bear claws you.
Aiming: Charm
Press: ? - help, Shift-Dir - straight line, f - black bear
Aim: a black bear (chance to affect: 65%)
The black bear is charmed.
The centaur wields a +0 orcbow.
The centaur shoots an arrow.
The arrow hits your black bear!
You break out of your daze.
The centaur unwields a +0 orcbow.
The centaur hits your black bear. The centaur kicks your black bear.
The centaur barely misses your black bear. x2
Your black bear goes berserk!
The centaur wields a +0 orcbow.
The centaur shoots an arrow.
The arrow hits your black bear!
Your black bear dies!
Aiming: Iceblast
Press: ? - help, Shift-Dir - straight line, f - centaur
Aim: a centaur, wielding a +0 orcbow The mass of ice explodes!
The iceblast engulfs the centaur!
The centaur is moderately wounded.
The iceblast engulfs the iguana!
The iguana is severely wounded.
The iceblast engulfs Maggie!!
Maggie is moderately wounded.
The now-empty wand crumbles to dust.
You hear a shout! x2
The centaur shoots an arrow.
The arrow hits you!
* * * LOW HITPOINT WARNING * * *
The centaur shoots an arrow.
The arrow hits you.
* * * LOW HITPOINT WARNING * * *
Unknown command.
Unknown command.
Found an escape hatch in the floor.
The centaur unwields a +0 orcbow.
The centaur hits you.
* * * LOW HITPOINT WARNING * * *
The centaur barely misses you.
Maggie hits you from afar with a +0 halberd!
You die...

##>.... ...... .....
#...# .)Z# l@# ∆ ...
#c# ......##. #@# #
......#.. #)#######..
## .....#.#
#.......... .
.....#.#####..##.##..
# #....<.###.## #.
#..........# #..##
#.....###.......
#...# #.....#
#######(
###..####..####


You could see Maggie, a centaur, an iguana and a quokka zombie.

Vanquished Creatures
  A kobold brigand (D:6)
  A hound (D:6)
  3 orc wizards
  Robin (D:2)
  An adder (D:2)
  A dart slug (D:1)
  6 orcs
  3 ball pythons
  2 bats
  3 endoplasms
  9 goblins
  8 hobgoblins
  3 jackals
  5 quokkas
  2 frilled lizards (D:1)
  7 kobolds
  5 rats
61 creatures vanquished.

Vanquished Creatures (others)
  A black bear (D:6)
1 creature vanquished.

Grand Total: 62 creatures vanquished

Notes
Turn   | Place    | Note
-------+----------+-------------------------------------------
     0 | D:1      | cforsyth the Gnoll Artificer began the quest for the Orb.
     0 | D:1      | Reached XP level 1. HP: 17/17 MP: 1/1
   152 | D:1      | Reached XP level 2. HP: 16/23 MP: 2/2
   736 | D:2      | Reached XP level 3. HP: 28/28 MP: 3/3
   775 | D:2      | Noticed Robin
   942 | D:2      | Killed Robin
   943 | D:2      | Reached skill level 1 in Invocations
   975 | D:2      | Reached skill level 1 in Short Blades
   975 | D:2      | Reached skill level 1 in Long Blades
   975 | D:2      | Reached skill level 1 in Axes
   975 | D:2      | Reached skill level 1 in Maces & Flails
   975 | D:2      | Reached skill level 1 in Polearms
   975 | D:2      | Reached skill level 1 in Staves
   975 | D:2      | Reached skill level 1 in Ranged Weapons
   975 | D:2      | Reached skill level 1 in Throwing
   975 | D:2      | Reached skill level 1 in Shields
   975 | D:2      | Reached skill level 1 in Unarmed Combat
   975 | D:2      | Reached skill level 1 in Spellcasting
  1439 | D:2      | Reached XP level 4. HP: 26/34 MP: 5/5
  1632 | D:2      | Reached skill level 1 in Conjurations
  1632 | D:2      | Reached skill level 1 in Hexes
  1632 | D:2      | Reached skill level 1 in Summonings
  1632 | D:2      | Reached skill level 1 in Necromancy
  1632 | D:2      | Reached skill level 1 in Translocations
  1632 | D:2      | Reached skill level 1 in Transmutations
  1632 | D:2      | Reached skill level 1 in Fire Magic
  1632 | D:2      | Reached skill level 1 in Ice Magic
  1632 | D:2      | Reached skill level 1 in Air Magic
  1632 | D:2      | Reached skill level 1 in Earth Magic
  1632 | D:2      | Reached skill level 1 in Poison Magic
  1632 | D:2      | Reached skill level 1 in Shapeshifting
  2342 | D:3      | You fall into a shaft and drop 3 floors!
  2363 | D:6      | Noticed a kobold brigand
  2370 | D:6      | Killed a kobold brigand
  2371 | D:6      | Reached XP level 5. HP: 19/41 MP: 5/7
  2411 | D:6      | Reached XP level 6. HP: 29/47 MP: 8/8
  2412 | D:6      | Noticed a black bear
  2413 | D:6      | Noticed Maggie
  2430 | D:6      | Slain by Maggie

Illustrated notes

Levels and vault maps discovered:
D:1:      giann_horns, layout_basic, nicolae_the_louvre
D:2:      layout_basic, serial_co_window_serial, co_window_corner_a,
          co_window_paths_b, co_window_paths_b, co_window_paths_a,
          co_window_paths_b, co_window_corner_a, co_window_corner_a,
          co_window_cross_3, co_window_broadway_a, co_window_broadway_c,
          co_window_broadway_a, co_window_corner_cb, co_window_corner_ca,
          glass_columns_a, glass_columns_b, glass_columns_a, glass_columns_a,
          uniq_robin
D:3:      layout_basic, minmay_misc_feat_cross
D:6:      layout_rooms, grunt_temple_overflow_magic_moments,
          mainiacjoe_overflow_alcove_1, enter_ossuary_4, uniq_maggie

Skill      XL: |  1  2  3  4  5 |
---------------+----------------+-----
Invocations    | 1 2 |  2.1
Short Blades   | 1 |  1.9
Long Blades    | 1 |  1.9
Axes           | 1 |  1.9
Maces & Flails | 1 |  1.9
Polearms       | 1 |  1.9
Staves         | 1 |  1.9
Ranged Weapons | 1 |  1.9
Throwing       | 1 |  1.9
Shields        | 1 |  1.9
Unarmed Combat | 1 |  1.9
Spellcasting   | 1 |  1.9
Conjurations   | 1 |  1.5
Hexes          | 1 |  1.5
Summonings     | 1 |  1.5
Necromancy     | 1 |  1.5
Translocations | 1 |  1.5
Transmutations | 1 |  1.5
Fire Magic     | 1 |  1.5
Ice Magic      | 1 |  1.5
Air Magic      | 1 |  1.5
Earth Magic    | 1 |  1.5
Poison Magic   | 1 |  1.5
Shapeshifting  | 1 |  1.5
Fighting       | 3 |  3.2
Dodging        | 3 |  3.2
Stealth        | 3 |  3.0
Armour         | |  4.9
Evocations     | |  6.8

Action                     |  1- 3 |  4- 6 || total
---------------------------+-------+-------++-------
  Melee: Club              |   151 |    53 ||   204
         Bite              |    17 |     4 ||    21
         Punch             |     1 |       ||     1
         Rapier            |       |    12 ||    12
  Evoke: Wand              |     1 |    19 ||    20
   Stab: Sleeping          |     6 |       ||     6
         Distracted        |     1 |       ||     1
 Armour: Leather armour    |    75 |    10 ||    85
         Robe              |       |    25 ||    25
  Dodge: Dodged            |   113 |    72 ||   185

Table legend: (Time is in decaauts)
 A = Elapsed time spent in this place.
 B = Non-inter-level travel time spent in this place.
 C = Inter-level travel time spent in this place.
 D = Time resting spent in this place.
 E = Time spent auto-exploring this place.
 F = Levels seen in this place.
 G = Mean time per level.
                   A        B        C        D        E       F      G
               +--------+--------+--------+--------+--------+-----+--------+
         Total |   2492 |   2457 |     35 |    212 |   1678 |   4 |  623.0 |
       Dungeon |   2492 |   2457 |     35 |    212 |   1678 |   4 |  623.0 |
               +--------+--------+--------+--------+--------+-----+--------+

Top non-repeatable levels by time:
     D:2: 1473 daAuts
     D:1: 857 daAuts
     D:6: 94 daAuts
     D:3: 67 daAuts
